 Dungeon Crawl Stone Soup version 0.19.5 (webtiles) character file.

489 MovingMist the Skirmisher (level 7, -4/96 HPs)
             Began as a Naga Fighter on Apr 6, 2017.
             Was an Initiate of Cheibriados.
             Killed from afar by a kobold (19 damage)
             ... with a wand of acid
             ... on level 4 of the Dungeon.
             The game lasted 00:10:30 (3704 turns).

MovingMist the Skirmisher (Naga Fighter)            Turns: 3704, Time: 00:10:32

Health: -4/96      AC:  5    Str: 25      XL:     7   Next: 14%
Magic:  7/7        EV:  8    Int: 13 (15) God:    Cheibriados [......]
Gold:   212        SH: 10    Dex: 13 (14) Spells: 0 memorised, 6 levels left

rFire  . . .     SeeInvis +     a - +0 trident
rCold  . . .     Gourm    .     b - +0 scale mail
rNeg   . . .     Faith    .     c - +0 shield
rPois  +         Spirit   .     (no helmet)
rElec  .         Reflect  .     (no cloak)
rCorr  .         Harm     .     (no gloves)
MR     .....                    (no barding)
Stlth  ..........               (no amulet)
                                (no ring)
                                h - +2 ring of dexterity

@: brilliant, berserking, very slow
A: see invisible, deformed body, poison resistance, slowness 2, slow metabolism
1, spit poison 1, AC +2
a: Spit Poison, Bend Time, Renounce Religion


You were on level 4 of the Dungeon.
You worshipped Cheibriados.
Cheibriados was noncommittal.
You were not hungry.

You visited 2 branches of the dungeon, and saw 6 of its levels.

You collected 212 gold pieces.

Inventory:

Hand Weapons
 a - a +0 trident (weapon)
Armour
 b - a +0 scale mail (worn)
 c - a +0 shield (worn)
Jewellery
 h - a +2 ring of dexterity (left hand)
Scrolls
 i - 3 scrolls of random uselessness {unknown}
 j - 5 scrolls of identify {unknown}
 l - a scroll of remove curse
 n - 2 scrolls of teleportation {unknown}
 o - a scroll of fear {unknown}
 q - a scroll of recharging
Potions
 d - a potion of might
 e - a potion of lignification
 g - a potion of degeneration
 m - a potion of magic
 r - a potion of brilliance
 u - a potion of haste {unknown}
Comestibles
 f - 5 bread rations
 k - 3 beef jerkies
 p - a meat ration


   Skills:
 + Level 4.2 Fighting
 + Level 3.6 Polearms
 - Level 2.4 Armour
 * Level 3.7 Dodging
 + Level 3.5 Shields


You had 6 spell levels left.
You didn't know any spells.

Dungeon Overview and Level Annotations

Branches:
Dungeon (5/15)             Temple (1/1) D:5

Altars:
Cheibriados
Elyvilon
Fedhas
Kikubaaqudgha
Yredelemnul

Shops:
D:4 [


Innate Abilities, Weirdness & Mutations

You cannot wear boots.
Your serpentine skin is tough. (AC +2)
You have supernaturally acute eyesight. (SInv)
Armour fits poorly on your strangely shaped body.
Your system is resistant to poisons. (rPois)
You cover ground very slowly.
You have a slow metabolism.
You can spit poison.


Message History

The kobold hits the plant but does no damage.
The kobold hits you but does no damage.
It was a potion of brilliance.
You feel clever all of a sudden. You block the kobold's attack.
The kobold completely misses the plant.
The kobold hits you but does no damage.
It was a potion of berserk rage.
A red film seems to cover your vision as you go berserk!
Cheibriados protects you from inadvertent hurry.
You feel mighty! The kobold hits you but does no damage.
Something hits the plant but does no damage.
The kobold hits the plant but does no damage.
The kobold closely misses you.
Your shield and scale mail prevent you from hitting the kobold.
The kobold barely misses you.
The kobold completely misses the plant.
The kobold hits you but does no damage.
The kobold hits something but does no damage.
The kobold zaps a wand.
The bolt of acid hits the plant.
The plant is splashed with acid.
The bolt of acid hits you!
You die...

......................#
♣.
#...#......(###.#######
....#..##.).P####
....#..#.....P♣##
##..........♣.♣P♣#
#...........#P..P♣## .
............#.P♣KKP#♣PP..
............###KPKKPK....
.#..........####@♣.P♣....
..#.∩.##....P♣ ##♣PKKK...
..#...##....♣.# ♣♣♣K...
..#<..##...###. K..
.............# ..
o#...........# .
....#.######## ###.#.#
####### #...###......#


You could see 6 kobolds.

Vanquished Creatures
  A big kobold (D:4)
  2 howler monkeys (D:4)
  A crimson imp (D:3)
  An orc priest (D:4)
  2 orc wizards (D:4)
  2 worker ants
  7 adders
  An ooze (D:3)
  A worm (D:2)
  5 dart slugs
  3 leopard geckos
  12 orcs
  4 giant cockroaches
  9 goblins
  12 hobgoblins
  10 jackals
  A quokka (D:5)
  5 bats
  3 frilled lizards
  18 kobolds
  A quokka skeleton (D:4)
  14 rats
115 creatures vanquished.

Vanquished Creatures (others)
  A kobold (D:4)
  2 plants (D:4)
3 creatures vanquished.

Grand Total: 118 creatures vanquished

Notes
Turn   | Place    | Note
-------+----------+-------------------------------------------
     0 | D:1      | MovingMist the Naga Fighter began the quest for the Orb.
     0 | D:1      | Reached XP level 1. HP: 21/21 MP: 1/1
    67 | D:1      | Reached XP level 2. HP: 17/28 MP: 2/2
   295 | D:1      | Reached skill level 1 in Dodging
   358 | D:1      | Reached XP level 3. HP: 15/34 MP: 3/3
   994 | D:2      | Reached XP level 4. HP: 31/42 MP: 4/4
  1703 | D:3      | Reached XP level 5. HP: 31/49 MP: 5/5
  1797 | D:3      | Found a blossoming altar of Fedhas.
  2175 | D:4      | Found Usepu's Antique Armour Boutique.
  2374 | D:4      | Reached XP level 6. HP: 16/57 MP: 6/6
  2649 | D:5      | Entered Level 5 of the Dungeon
  2649 | D:5      | Found a staircase to the Ecumenical Temple.
  2945 | Temple   | Entered the Ecumenical Temple
  2978 | Temple   | Became a worshipper of Cheibriados the Contemplative
  3041 | D:4      | Reached skill level 4 in Fighting
  3070 | D:4      | HP: 2/57 [adder (2)]
  3698 | D:4      | Reached XP level 7. HP: 28/64 MP: 7/7
  3704 | D:4      | Killed from afar by a kobold

Skill      XL: |  1  2  3  4  5  6 |
---------------+-------------------+-----
Dodging        | 1 2 3 |  3.7
Polearms       | 3 |  3.6
Shields        | 3 |  3.5
Fighting       | 4 |  4.2
Armour         | |  2.4

Action                   |  1- 3 |  4- 6 |  7- 9 || total
-------------------------+-------+-------+-------++-------
Melee: Trident           |   112 |   378 |     4 ||   494
 Abil: Spit Poison       |     1 |     3 |       ||     4
  Use: Scroll            |     2 |       |       ||     2
       Potion            |       |     5 |     2 ||     7
  Eat: Chunk             |       |     8 |       ||     8
Armor: Scale mail        |    41 |   190 |     5 ||   236
       Skin              |       |     8 |       ||     8
Dodge: Dodged            |    22 |   122 |     3 ||   147
Block: Shield            |    48 |   226 |     6 ||   280
